[Event "Moscow-ch Men 2019"]
[Site "Moscow"]
[Date "2019.03.30"]
[Round "1.32"]
[White "Akhmedov, David"]
[Black "Yakimenko, Alexander A."]
[Result "0-1"]
[ECO "A00"]
[WhiteElo "1710"]
[BlackElo "2082"]
[Annotator "NA RC"]
[PlyCount "100"]
[EventDate "2019.03.30"]
[EventType "swiss"]
[EventCountry "RUS"]
[SourceTitle "playchess.com"]
[Source "ChessBase"]
[SourceQuality "1"]
[TimeControl "5400+30"]

1. e4 e5 2. Nf3 Nc6 3. Nc3 Nf6 4. d4 exd4 5. Nxd4 Bb4 6. Nxc6 bxc6 7. Bd3 d5 8. exd5 cxd5 9. O-O O-O 10. Bg5 Be6 11. h3 Rb8 12. Qf3 Be7 13. b3 h6 14. Bh4 Rb4 15. Bg3 Nh7 16. Nb5 c6 17. Bxh7+ Kxh7 18. Qd3+ Kg8 19. Nd4 Bd7 20. Nf5 Bxf5 21. Qxf5 Bf6 22. Rad1 Re8 23. c4 Rb7 24. Qg4 Qa5 25. cxd5 cxd5 26. Bf4 Qxa2 27. Bxh6 Qxb3 28. Bg5 Bxg5 29. Qxg5 Rd7 30. Rd4 Re4 31. Rc1 Qb7 32. Rd3 d4 33. Rb3 Qd5 34. Rb8+ Kh7 35. Qg3 Qe5 36. Qb3 Re1+ 37. Rxe1 Qxe1+ 38. Kh2 Qe5+ 39. g3 d3 40. Rb4 g6 41. Rh4+ Kg7 42. Qc4 Qf6 43. Rf4 Qxf4 44. Qxf4 d2 45. Qe5+ f6 46. Qe2 d1=Q 47. Qxd1 Rxd1 48. Kg2 a5 49. Kf3 a4 50. Ke2 Rd8 0-1

[Event "Moscow-ch Men 2019"]
[Site "Moscow"]
[Date "2019.03.31"]
[Round "2.24"]
[White "Zhuk, Kirill"]
[Black "Bogaudinov, Rushan"]
[Result "1-0"]
[ECO "A00"]
[WhiteElo "1974"]
[BlackElo "2096"]
[Annotator "NA RC"]
[PlyCount "195"]
[EventDate "2019.03.30"]
[EventType "swiss"]
[EventCountry "RUS"]
[SourceTitle "playchess.com"]
[Source "ChessBase"]
[SourceQuality "1"]
[TimeControl "5400+30"]

1. e4 c5 2. Nf3 d6 3. d4 cxd4 4. Nxd4 Nf6 5. f3 g6 6. c4 Bg7 7. Nc3 Nc6 8. Be3 O-O 9. Qd2 Re8 10. Be2 Bd7 11. O-O Ne5 12. Rac1 Rc8 13. b3 Qa5 14. Rfd1 h5 15. Qe1 a6 16. Nd5 Qxe1+ 17. Rxe1 Nxd5 18. cxd5 e6 19. dxe6 fxe6 20. h3 d5 21. f4 Nc6 22. e5 Bh6 23. Nxc6 Bxc6 24. g3 Red8 25. Red1 Bf8 26. Bd4 Ba3 27. Rc2 Bb5 28. Rxc8 Rxc8 29. Bxb5 axb5 30. Rd2 Bb4 31. Rf2 Be1 32. Rf3 Rc2 33. Kf1 Bb4 34. Rf2 Rc1+ 35. Ke2 Re1+ 36. Kf3 Rd1 37. Ke3 Rh1 38. Rc2 Rxh3 39. Rc8+ Kf7 40. Kf3 Be1 41. Rc7+ Ke8 42. Bc5 Rxg3+ 43. Ke2 Bc3 44. Re7+ Kd8 45. Rxe6 Rg4 46. Rd6+ Ke8 47. Rf6 d4 48. Kd3 b6 49. Bxd4 Bxd4 50. Kxd4 h4 51. Rxb6 h3 52. Rb8+ Ke7 53. Rh8 Rxf4+ 54. Ke3 Rf5 55. Rxh3 Rxe5+ 56. Kf4 Kf6 57. Rh8 g5+ 58. Kf3 Rc5 59. Kg4 Ke5 60. Kxg5 Kd4+ 61. Kf4 Kc3 62. Ke4 b4 63. Ra8 Rc7 64. Kd5 Rd7+ 65. Kc5 Rd2 66. Rh8 Rxa2 67. Rh3+ Kb2 68. Kxb4 Ra8 69. Rh2+ Kb1 70. Rh5 Kb2 71. Rh2+ Kb1 72. Rh5 Kb2 73. Rb5 Rc8 74. Rb6 Ka2 75. Ra6+ Kb2 76. Ka4 Rb8 77. b4 Kc3 78. Rc6+ Kd4 79. b5 Ra8+ 80. Kb4 Kd5 81. Rh6 Ra1 82. b6 Ra2 83. Kb5 Ra1 84. Rh2 Rb1+ 85. Ka6 Kc6 86. Rc2+ Kd7 87. Kb7 Rb3 88. Rd2+ Ke8 89. Ka7 Ra3+ 90. Kb8 Rb3 91. b7 Ke7 92. Rd4 Ra3 93. Rd5 Ke6 94. Rd2 Ra1 95. Rd4 Ra2 96. Kc7 Ke5 97. Rb4 Rc2+ 98. Kb6 1-0

[Event "Moscow-ch Men 2019"]
[Site "Moscow"]
[Date "2019.03.31"]
[Round "2.27"]
[White "Israfilov, Ali"]
[Black "Anfinogenov, Artem"]
[Result "1/2-1/2"]
[ECO "A00"]
[WhiteElo "1835"]
[BlackElo "2091"]
[Annotator "NA RC"]
[PlyCount "105"]
[EventDate "2019.03.30"]
[EventType "swiss"]
[EventCountry "RUS"]
[SourceTitle "playchess.com"]
[Source "ChessBase"]
[SourceQuality "1"]
[TimeControl "5400+30"]

1. e4 e5 2. Nf3 Nc6 3. Bb5 Nf6 4. O-O Nxe4 5. d4 Nd6 6. Bxc6 dxc6 7. dxe5 Nf5 8. Qxd8+ Kxd8 9. Rd1+ Ke8 10. Nc3 h6 11. h4 Be7 12. g3 Be6 13. Kg2 Rd8 14. Bf4 Rg8 15. h5 Bb4 16. g4 Ne7 17. Kg3 Bxc3 18. bxc3 g6 19. Rxd8+ Kxd8 20. hxg6 Rxg6 21. g5 Nf5+ 22. Kh2 Bd5 23. gxh6 Nxh6 24. Ng5 Ng4+ 25. Kg3 Nxe5 26. Bxe5 Rxg5+ 27. Kf4 Rg2 28. Ke3 Rg4 29. Bf4 Kd7 30. a3 Rg6 31. Re1 c5 32. Rd1 Re6+ 33. Kd2 Re4 34. Be3 Kc6 35. Kc1 Rg4 36. Kb2 a5 37. Re1 Bf3 38. Bh6 Be4 39. Rd1 Bd5 40. Re1 Rg6 41. Bf4 Rf6 42. Bg3 Be6 43. Rd1 b6 44. Rd8 Kb5 45. Rd2 c6 46. Rd6 Rf3 47. Rd8 Kc4 48. Rh8 Bg4 49. Re8 Be6 50. Rh8 Kb5 51. Rd8 Bd5 52. Rh8 Rf6 53. Re8 1/2-1/2

[Event "Moscow-ch Men 2019"]
[Site "Moscow"]
[Date "2019.03.31"]
[Round "2.28"]
[White "Brygov, Igor"]
[Black "Lupolov, Boris"]
[Result "0-1"]
[ECO "A00"]
[WhiteElo "2052"]
[BlackElo "1907"]
[Annotator "NA RC"]
[PlyCount "88"]
[EventDate "2019.03.30"]
[EventType "swiss"]
[EventCountry "RUS"]
[SourceTitle "playchess.com"]
[Source "ChessBase"]
[SourceQuality "1"]
[TimeControl "5400+30"]

1. Nf3 Nf6 2. c4 e6 3. g3 b6 4. Bg2 Bb7 5. O-O Be7 6. d4 O-O 7. Nc3 Ne4 8. d5 Nxc3 9. bxc3 Bf6 10. e4 Bxc3 11. Rb1 exd5 12. exd5 d6 13. Nd4 Ba6 14. Qd3 Bxd4 15. Qxd4 Nd7 16. Bb2 f6 17. f4 Re8 18. Bh3 Nc5 19. Bf5 Bc8 20. Bc2 Re2 21. Rf2 Rxc2 22. Rxc2 Bf5 23. Rcc1 Bxb1 24. Rxb1 Qe7 25. Bc3 Qe4 26. Re1 Qxd4+ 27. Bxd4 Nd7 28. Re7 Rd8 29. g4 Kf8 30. Re6 Re8 31. Kf2 Kf7 32. f5 Nf8 33. Rxe8 Kxe8 34. h4 Nd7 35. g5 Ne5 36. Kg3 Ke7 37. c5 dxc5 38. Bxe5 fxe5 39. Kf3 c4 40. Ke4 b5 41. h5 c3 42. Kd3 b4 43. f6+ gxf6 44. g6 hxg6 0-1

[Event "Moscow-ch Men 2019"]
[Site "Moscow"]
[Date "2019.03.31"]
[Round "2.29"]
[White "Grigoryev, Vladislav"]
[Black "Paster, Arkady M."]
[Result "0-1"]
[ECO "A00"]
[WhiteElo "1741"]
[BlackElo "2070"]
[Annotator "NA RC"]
[PlyCount "106"]
[EventDate "2019.03.30"]
[EventType "swiss"]
[EventCountry "RUS"]
[SourceTitle "playchess.com"]
[Source "ChessBase"]
[SourceQuality "1"]
[TimeControl "5400+30"]

1. Nf3 d5 2. d4 Nf6 3. c4 c6 4. Qc2 g6 5. Bf4 Bg7 6. e3 O-O 7. Nc3 Bg4 8. Ne5 Bf5 9. Bd3 Bxd3 10. Qxd3 dxc4 11. Qxc4 Nbd7 12. h3 Nb6 13. Qb3 Nfd5 14. Bg3 e6 15. O-O a5 16. Ne4 f6 17. Nd3 a4 18. Qc2 f5 19. Nec5 Qe7 20. Be5 Bh6 21. b3 a3 22. Rae1 Nd7 23. Nxd7 Qxd7 24. Nc5 Qe7 25. Qc4 b6 26. Nd3 Qd7 27. Bg3 Bg7 28. Be5 Bh6 29. Bg3 Rfc8 30. Ne5 Qe8 31. Re2 b5 32. Qc5 Bf8 33. Qc1 Bh6 34. Qb1 Nc3 35. Qd3 Nxe2+ 36. Qxe2 c5 37. Rd1 cxd4 38. Rxd4 Rd8 39. Rb4 Rd5 40. Rd4 Rxd4 41. exd4 f4 42. Bh2 Rc8 43. g3 Rc1+ 44. Kg2 Qa8+ 45. Nf3 Qc6 46. gxf4 Rc2 47. Qe5 Bg7 48. Qb8+ Bf8 49. f5 Rc3 50. Qf4 exf5 51. Bg3 Qd5 52. h4 h6 53. Bh2 Bd6 0-1

[Event "Moscow-ch Men 2019"]
[Site "Moscow"]
[Date "2019.03.31"]
[Round "2.30"]
[White "Gerasimov, Vadim"]
[Black "Fedorov, Nikita"]
[Result "0-1"]
[ECO "A00"]
[WhiteElo "1688"]
[BlackElo "2030"]
[Annotator "NA RC"]
[PlyCount "100"]
[EventDate "2019.03.30"]
[EventType "swiss"]
[EventCountry "RUS"]
[SourceTitle "playchess.com"]
[Source "ChessBase"]
[SourceQuality "1"]
[TimeControl "5400+30"]

1. d4 e6 2. c4 b6 3. Nf3 Bb7 4. g3 Bb4+ 5. Bd2 Bxd2+ 6. Nbxd2 f5 7. Bg2 Nf6 8. O-O O-O 9. Qc2 d6 10. Rfd1 Qe8 11. Ne1 Bxg2 12. Nxg2 Nbd7 13. e3 Qh5 14. Nf4 Qf7 15. Nf3 Ne4 16. d5 e5 17. Ne6 Rfc8 18. Nfg5 Nxg5 19. Nxg5 Qg6 20. Ne6 Nf8 21. Nxf8 Rxf8 22. b4 Qg4 23. Kg2 e4 24. Re1 Qf3+ 25. Kg1 Qh5 26. Qe2 Qh3 27. Qf1 Qh6 28. Rac1 Rae8 29. Rc2 g5 30. Qg2 Kh8 31. c5 f4 32. exf4 gxf4 33. cxb6 f3 34. Qf1 cxb6 35. Re3 Qh5 36. h3 Qxd5 37. Rc7 Qe5 38. Qd1 d5 39. Rd7 Rd8 40. Rxd8 Rxd8 41. Kh2 d4 42. Re1 Qd5 43. Qd2 Qe5 44. Rc1 Re8 45. Re1 e3 46. Qd3 Qe4 47. Qa6 Qc2 48. Qf1 e2 49. Qh1 Qe4 50. Rc1 e1=Q 0-1

[Event "Moscow-ch Men 2019"]
[Site "Moscow"]
[Date "2019.03.31"]
[Round "2.31"]
[White "Razumovskiy, Mikhail"]
[Black "Zurabian, Vage"]
[Result "0-1"]
[ECO "A00"]
[WhiteElo "2024"]
[BlackElo "1842"]
[Annotator "NA RC"]
[PlyCount "100"]
[EventDate "2019.03.30"]
[EventType "swiss"]
[EventCountry "RUS"]
[SourceTitle "playchess.com"]
[Source "ChessBase"]
[SourceQuality "1"]
[TimeControl "5400+30"]

1. d4 d6 2. c4 e5 3. Nf3 e4 4. Ng5 Nf6 5. Nc3 Qe7 6. Qc2 Bf5 7. f3 Nc6 8. e3 Nxd4 9. Qd1 Nc6 10. g4 Bg6 11. f4 h6 12. Nh3 O-O-O 13. Nd5 Nxd5 14. cxd5 Nb8 15. Qd4 Qh4+ 16. Nf2 c5 17. Qa4 a6 18. Bh3 Kc7 19. Bd2 Nd7 20. Ba5+ Kc8 21. g5 b5 22. Qc2 Re8 23. Rg1 hxg5 24. Rxg5 Be7 25. Rg2 Qh5 26. Qd2 Bh4 27. Bg4 Bxf2+ 28. Kxf2 Qh4+ 29. Kg1 f5 30. Be2 Bh5 31. Bxh5 Qxh5 32. a4 b4 33. Rc1 Qf3 34. Rg3 Qh5 35. Bxb4 g5 36. Bc3 gxf4 37. exf4 Rhg8 38. Bd4 Rxg3+ 39. hxg3 Rg8 40. Rc3 Kd8 41. Bf2 Rh8 42. Kf1 Qh1+ 43. Ke2 Rh2 44. Qe3 Qb1 45. Qc1 Qa2 46. Qd2 Nf6 47. Rc2 Qxa4 48. Kf1 Ng4 49. b3 Qb5+ 50. Qe2 Rxf2+ 0-1

[Event "Moscow-ch Men 2019"]
[Site "Moscow"]
[Date "2019.03.31"]
[Round "2.32"]
[White "Kudryaev, Ivan"]
[Black "Pavlov, Mark"]
[Result "0-1"]
[ECO "A00"]
[WhiteElo "1692"]
[BlackElo "1989"]
[Annotator "NA RC"]
[PlyCount "100"]
[EventDate "2019.03.30"]
[EventType "swiss"]
[EventCountry "RUS"]
[SourceTitle "playchess.com"]
[Source "ChessBase"]
[SourceQuality "1"]
[TimeControl "5400+30"]

1. d4 Nf6 2. Nf3 g6 3. g3 Bg7 4. Bg2 O-O 5. O-O d6 6. Bg5 h6 7. Bd2 c5 8. dxc5 dxc5 9. Bc3 Nc6 10. Nbd2 Qc7 11. e3 b6 12. a3 Ba6 13. Re1 Rad8 14. Qb1 e5 15. e4 Nd4 16. Bxd4 cxd4 17. Bf1 Bxf1 18. Rxf1 Nd7 19. Ne1 Kh8 20. Qd1 f5 21. Qe2 Qc6 22. Rc1 Nc5 23. f3 fxe4 24. Nxe4 Qd5 25. Nxc5 bxc5 26. Qe4 Qd6 27. Nd3 c4 28. Nf2 Rf5 29. Kg2 Rdf8 30. Nd1 Qf6 31. h4 g5 32. h5 g4 33. f4 Rxh5 34. Nf2 exf4 35. Nxg4 Qf5 36. Rxf4 Qxe4+ 37. Rxe4 Rb5 38. b4 Rbf5 39. Re2 h5 40. Rh1 Kg8 41. Nf2 Rf3 42. Rxh5 Rxa3 43. Ra5 Re3 44. Rd2 c3 45. Rd1 Re2 46. Rf1 Rxc2 47. g4 d3 48. Rf5 Rxf5 49. gxf5 Bd4 50. Kf3 Rxf2+ 0-1

[Event "Moscow-ch Men 2019"]
[Site "Moscow"]
[Date "2019.03.31"]
[Round "2.33"]
[White "Khmelev, Mikhail"]
[Black "Akhmedov, David"]
[Result "1/2-1/2"]
[ECO "A00"]
[WhiteElo "2011"]
[BlackElo "1710"]
[Annotator "NA RC"]
[PlyCount "120"]
[EventDate "2019.03.30"]
[EventType "swiss"]
[EventCountry "RUS"]
[SourceTitle "playchess.com"]
[Source "ChessBase"]
[SourceQuality "1"]
[TimeControl "5400+30"]

1. e4 c5 2. Nf3 d6 3. d4 cxd4 4. Nxd4 Nf6 5. Nc3 a6 6. h3 e6 7. g4 b5 8. Bg2 Bb7 9. O-O Qc7 10. Re1 Be7 11. a4 b4 12. Na2 O-O 13. Bg5 Nbd7 14. Qd2 a5 15. Nb5 Qb8 16. Rad1 Ra6 17. c3 b3 18. Nc1 Nc5 19. Bxf6 Bxf6 20. Qe2 Be7 21. Qc4 Rc8 22. Nxb3 Nxe4 23. Qe2 d5 24. Bxe4 dxe4 25. Nd2 Bc5 26. Nf1 Qf4 27. Nd4 e5 28. Nf5 g6 29. N5e3 Rf6 30. Rd2 Qh6 31. g5 Qxg5+ 32. Qg4 Qxg4+ 33. Nxg4 Re6 34. Rb1 f5 35. Nge3 Ra8 36. b4 axb4 37. cxb4 Rb6 38. Nc4 Rxb4 39. Rxb4 Bxb4 40. Rb2 Rxa4 41. Nb6 Ra1 42. Rxb4 Ba6 43. Nc4 Rc1 44. Ncd2 Bd3 45. Kg2 f4 46. Rxe4 Rxf1 47. Rxe5 Rd1 48. Ne4 Bf1+ 49. Kh2 Rd3 50. h4 Rh3+ 51. Kg1 Bd3 52. h5 Bxe4 53. Rxe4 g5 54. Kg2 Rxh5 55. Kf3 Rh4 56. Re1 Rh6 57. Kg4 Rg6 58. Re5 h6 59. Re1 Rg7 60. Re6 Kh7 1/2-1/2

[Event "Moscow-ch Men 2019"]
[Site "Moscow"]
[Date "2019.03.31"]
[Round "2.34"]
[White "Volkov, Andreiy"]
[Black "Sekoyan, Vachagan"]
[Result "0-1"]
[ECO "A00"]
[WhiteElo "1628"]
[BlackElo "1994"]
[Annotator "NA RC"]
[PlyCount "42"]
[EventDate "2019.03.30"]
[EventType "swiss"]
[EventCountry "RUS"]
[SourceTitle "playchess.com"]
[Source "ChessBase"]
[SourceQuality "1"]
[TimeControl "5400+30"]

1. e4 g6 2. d4 Bg7 3. Nc3 d5 4. exd5 Nf6 5. Bc4 Nbd7 6. Nf3 O-O 7. O-O Nb6 8. Bb3 Nbxd5 9. Nxd5 Nxd5 10. Re1 c6 11. Bg5 Re8 12. Qd2 Bg4 13. c4 Nb6 14. d5 Bxf3 15. gxf3 cxd5 16. cxd5 Qd7 17. Rad1 Nc8 18. Be3 Qh3 19. Qe2 Nd6 20. Bd4 Nf5 21. Bxg7 Nh4 0-1

[Event "Moscow-ch Men 2019"]
[Site "Moscow"]
[Date "2019.03.31"]
[Round "2.35"]
[White "Zaitsev, Vitaly"]
[Black "Usov, Dmitry E."]
[Result "1-0"]
[ECO "A00"]
[WhiteElo "1968"]
[BlackElo "1032"]
[Annotator "NA RC"]
[PlyCount "101"]
[EventDate "2019.03.30"]
[EventType "swiss"]
[EventCountry "RUS"]
[SourceTitle "playchess.com"]
[Source "ChessBase"]
[SourceQuality "1"]
[TimeControl "5400+30"]

1. d4 c6 2. c4 d5 3. Nf3 Nf6 4. e3 Bf5 5. Nc3 e6 6. Be2 Bb4 7. O-O O-O 8. a3 Bxc3 9. bxc3 Nbd7 10. a4 Qc7 11. Ba3 Rfe8 12. Nh4 Bg6 13. Nxg6 hxg6 14. f4 Ne4 15. Qc2 c5 16. Rfc1 Nef6 17. Rab1 b6 18. Bf3 Rac8 19. Be2 Qb7 20. a5 Qa8 21. Bf3 cxd4 22. cxd4 Qc6 23. c5 b5 24. g4 a6 25. g5 Ne4 26. Bxe4 dxe4 27. h4 Kh7 28. Qe2 Rh8 29. h5 f6 30. Kg2 fxg5 31. fxg5 Qd5 32. Qg4 gxh5 33. Qxh5+ Kg8 34. Qg4 g6 35. c6 Rxc6 36. Rxc6 Qxc6 37. Rc1 Qd5 38. Rc2 Rh5 39. Be7 Kf7 40. Bd8 Qf5 41. Qg3 Qd5 42. Qc7 Ke8 43. Qc8 Kf7 44. Rf2+ Kg7 45. Bf6+ Nxf6 46. gxf6+ Kh6 47. Qf8+ Kg5 48. f7 Qd7 49. Qc5+ e5 50. Qxe5+ Kh6 51. f8=Q+ 1-0

[Event "Moscow-ch Men 2019"]
[Site "Moscow"]
[Date "2019.04.02"]
[Round "4.16"]
[White "Pavlov, Mark"]
[Black "Yeritsyan, Aram"]
[Result "0-1"]
[ECO "D05"]
[WhiteElo "1989"]
[BlackElo "2301"]
[Annotator "RC"]
[PlyCount "156"]
[EventDate "2019.03.30"]
[EventType "swiss"]
[EventCountry "RUS"]
[SourceTitle "playchess.com"]
[Source "ChessBase"]
[SourceQuality "1"]
[TimeControl "5400+30"]

1. d4 Nf6 2. Nf3 e6 3. e3 c5 4. Bd3 d5 5. b3 Nbd7 6. O-O g6 7. Bb2 Bg7 8. c4 O-O 9. Qe2 b6 10. Nc3 Bb7 11. Rad1 cxd4 12. exd4 Re8 13. Nb5 Bf8 14. Ne5 a6 15. Nc3 Bg7 16. Nb1 Rc8 17. Nd2 Qc7 18. Ndf3 dxc4 19. Bxc4 b5 20. Bd3 Nd5 21. Rc1 Qd6 22. Qd2 Red8 23. Rxc8 Rxc8 24. Re1 Nb4 25. Bb1 Nxe5 26. dxe5 Qxd2 27. Nxd2 Nxa2 28. Ne4 Bxe4 29. Bxe4 Nb4 30. Kf1 Bf8 31. Rd1 h5 32. f3 Be7 33. Rd7 Bg5 34. Ba3 Nc2 35. Bxc2 Rxc2 36. Be7 Bxe7 37. Rxe7 Rc5 38. Ra7 Rxe5 39. Rxa6 Re3 40. Kf2 Rxb3 41. Kg3 Kg7 42. Rb6 b4 43. Kf4 Rb2 44. g3 Rxh2 45. Rxb4 Re2 46. Rb7 Kf6 47. g4 g5+ 48. Kg3 h4+ 49. Kh3 Rf2 50. Rb3 Ke5 51. Rb5+ Kf4 52. Rb4+ Ke3 53. Rb3+ Kd4 54. Ra3 f5 55. Ra4+ Ke5 56. Ra5+ Kf6 57. Ra3 Re2 58. Rd3 Ke5 59. Ra3 fxg4+ 60. fxg4 Kf4 61. Rf3+ Ke4 62. Rf6 Re3+ 63. Kg2 Rg3+ 64. Kh2 e5 65. Rg6 Rxg4 66. Kh3 Rg3+ 67. Kh2 Kf4 68. Rf6+ Kg4 69. Re6 Re3 70. Ra6 Re2+ 71. Kg1 e4 72. Ra3 e3 73. Ra4+ Kg3 74. Ra1 g4 75. Rb1 Rd2 76. Kh1 e2 77. Rb3+ Kf2 78. Rf3+ Kxf3 0-1

[Event "Moscow-ch Men 2019"]
[Site "Moscow"]
[Date "2019.04.05"]
[Round "7.8"]
[White "Savenkov, Konstantin"]
[Black "Dvalishvili, Pavel S."]
[Result "1/2-1/2"]
[ECO "B52"]
[WhiteElo "2373"]
[BlackElo "2407"]
[Annotator "RC"]
[PlyCount "183"]
[EventDate "2019.03.30"]
[EventType "swiss"]
[EventCountry "RUS"]
[SourceTitle "playchess.com"]
[Source "ChessBase"]
[SourceQuality "1"]
[TimeControl "5400+30"]

1. e4 c5 2. Nf3 d6 3. Bb5+ Bd7 4. Bxd7+ Nxd7 5. O-O Ngf6 6. Qe2 e6 7. c3 Be7 8. d4 cxd4 9. cxd4 d5 10. e5 Ne4 11. Ne1 h6 12. f3 Ng5 13. Nc3 Qb6 14. f4 Nh7 15. Be3 O-O 16. f5 f6 17. Nd3 fxe5 18. dxe5 d4 19. fxe6 Qxe6 20. Bxd4 Qc4 21. Qe4 Rxf1+ 22. Rxf1 Ng5 23. Qd5+ Qxd5 24. Nxd5 Bd8 25. N3f4 Nf8 26. Rd1 Nge6 27. Bc3 Rc8 28. g3 Kf7 29. Kg2 g5 30. Nxe6 Kxe6 31. Nb4 Be7 32. Nc2 Ng6 33. Re1 Bc5 34. Re2 g4 35. h3 gxh3+ 36. Kxh3 Rd8 37. Ne1 h5 38. Nf3 Rd3 39. Kg2 Bb6 40. a4 a6 41. a5 Bd8 42. Nd4+ Kd5 43. Nf5 Ne7 44. Nxe7+ Bxe7 45. Re1 h4 46. gxh4 Bxh4 47. Rh1 Rg3+ 48. Kf1 Be7 49. Rh7 Ke6 50. Kf2 Rg4 51. Rh6+ Kd7 52. Kf3 Rh4 53. Rg6 Rc4 54. Ke3 Rc6 55. Rg7 Ke6 56. Kd4 Rc7 57. Rg6+ Kf5 58. Rh6 Rd7+ 59. Kc4 Rc7+ 60. Kd5 Rd7+ 61. Kc4 Rc7+ 62. Kb3 Rc6 63. Rh7 Ke6 64. Bb4 Bd8 65. Bc3 Bc7 66. Kb4 Kd5 67. Rd7+ Ke6 68. Rh7 Kd5 69. Rd7+ Ke6 70. Rd3 b6 71. axb6 Bxb6 72. Rh3 Kd5 73. Rh8 Bc7 74. Rh7 Rc4+ 75. Kb3 Rc6 76. Re7 Rc5 77. Kc2 Ba5 78. Kd3 Bxc3 79. bxc3 a5 80. Re8 Rc7 81. c4+ Kc5 82. Ra8 Rd7+ 83. Kc3 Kb6 84. Rb8+ Kc6 85. Rc8+ Kb6 86. Re8 Rd1 87. e6 Kc7 88. c5 Re1 89. Kc4 a4 90. Kb4 Re4+ 91. Kb5 a3 92. Ra8 1/2-1/2

[Event "Moscow-ch Men 2019"]
[Site "Moscow"]
[Date "2019.04.06"]
[Round "8.5"]
[White "Yeletsky, Ivan"]
[Black "Popov, Ivan"]
[Result "0-1"]
[ECO "D20"]
[WhiteElo "2409"]
[BlackElo "2585"]
[Annotator "RC"]
[PlyCount "68"]
[EventDate "2019.03.30"]
[EventType "swiss"]
[EventCountry "RUS"]
[SourceTitle "playchess.com"]
[Source "ChessBase"]
[SourceQuality "1"]
[TimeControl "5400+30"]

1. d4 d5 2. c4 dxc4 3. e4 Nf6 4. e5 Nd5 5. Bxc4 Bf5 6. Nf3 e6 7. O-O Be7 8. Nc3 Nb6 9. Bb3 c6 10. Be3 O-O 11. Ne1 Nd5 12. Nxd5 cxd5 13. Nd3 Nc6 14. g4 Be4 15. f3 Bg6 16. f4 f5 17. exf6 Rxf6 18. Ne5 Be4 19. Nxc6 bxc6 20. Rc1 Qb6 21. Rf2 Rh6 22. Qf1 Rg6 23. Bd1 Rf8 24. Qh3 Bf6 25. Rd2 Rh6 26. Qf1 e5 27. fxe5 Bxe5 28. Qe1 Rh3 29. Rc3 Bg3 30. Qxg3 Rxg3+ 31. hxg3 Qa6 32. Bf2 c5 33. g5 cxd4 34. Rc7 Qa5 0-1

[Event "Moscow-ch Men 2019"]
[Site "Moscow"]
[Date "2019.04.06"]
[Round "8.7"]
[White "Afanasiev, Nikita"]
[Black "Savenkov, Konstantin"]
[Result "1-0"]
[ECO "A84"]
[WhiteElo "2527"]
[BlackElo "2373"]
[Annotator "ChessBase"]
[PlyCount "75"]
[EventDate "2019.03.30"]
[EventType "swiss"]
[EventCountry "RUS"]
[SourceTitle "playchess.com"]
[Source "ChessBase"]
[SourceQuality "1"]
[TimeControl "5400+30"]

1. d4 e6 2. c4 f5 3. Nc3 Nf6 4. Qc2 Bb4 5. a3 Bxc3+ 6. Qxc3 b6 7. b3 Bb7 8. Bb2 O-O 9. Nh3 Qe7 10. f3 d6 11. e3 Nbd7 12. Bd3 c5 13. O-O Rac8 14. Qd2 d5 15. Rac1 Rfd8 16. Qe2 Qd6 17. Rfd1 Re8 18. cxd5 Nxd5 19. e4 Nc7 20. dxc5 Nxc5 21. Bc4 Qe7 22. b4 Na4 23. exf5 Nxb2 24. Qxb2 Bd5 25. Bd3 Qh4 26. Nf2 Qf4 27. Qd2 Qh4 28. Re1 Qd8 29. Qf4 exf5 30. Qxf5 Rxe1+ 31. Rxe1 g6 32. Qe5 Qe8 33. Qc3 Qc6 34. Qa1 Nb5 35. Bxb5 Qxb5 36. Ng4 h5 37. Nh6+ Kh7 38. Re7+ 1-0

[Event "Moscow-ch Men 2019"]
[Site "Moscow"]
[Date "2019.04.06"]
[Round "8.8"]
[White "Smirnov, Timofey"]
[Black "Zakhartsov, Vladimir"]
[Result "0-1"]
[ECO "B92"]
[WhiteElo "2345"]
[BlackElo "2468"]
[Annotator "ChessBase"]
[PlyCount "96"]
[EventDate "2019.03.30"]
[EventType "swiss"]
[EventCountry "RUS"]
[SourceTitle "playchess.com"]
[Source "ChessBase"]
[SourceQuality "1"]
[TimeControl "5400+30"]

1. e4 c5 2. Nf3 d6 3. d4 cxd4 4. Nxd4 Nf6 5. Nc3 a6 6. Be2 Nbd7 7. O-O g6 8. Bg5 Bg7 9. Qd2 O-O 10. a4 Nc5 11. f3 Bd7 12. Be3 Rc8 13. a5 e5 14. Nb3 Nxb3 15. cxb3 Be6 16. Bb6 Qd7 17. b4 d5 18. Rfd1 d4 19. Na4 Qe8 20. Nc5 Qe7 21. Rac1 Nd7 22. Ba7 Ra8 23. Nxe6 Qxe6 24. Bc5 Rfc8 25. Bc4 Qf6 26. Bd5 Nxc5 27. Rxc5 Rxc5 28. bxc5 Rc8 29. Qb4 Bf8 30. Qb6 Qe7 31. b4 Rc7 32. g3 Bh6 33. Kg2 Kg7 34. h4 Be3 35. Rd3 Rd7 36. Rb3 h5 37. Kh3 Rxd5 38. exd5 Qd7+ 39. Kg2 Qxd5 40. Rb2 e4 41. fxe4 Qxe4+ 42. Kh2 d3 43. Qd6 Bd4 44. Rd2 Bg1+ 45. Kxg1 Qe1+ 46. Kh2 Qxd2+ 47. Kh3 Qe1 48. Qd4+ Kh7 0-1

[Event "Moscow-ch Men 2019"]
[Site "Moscow"]
[Date "2019.04.06"]
[Round "8.9"]
[White "Dvalishvili, Pavel S."]
[Black "Ivanov, Oleg V"]
[Result "1/2-1/2"]
[ECO "B31"]
[WhiteElo "2407"]
[BlackElo "2441"]
[Annotator "NA"]
[PlyCount "66"]
[EventDate "2019.03.30"]
[EventType "swiss"]
[EventCountry "RUS"]
[SourceTitle "playchess.com"]
[Source "ChessBase"]
[SourceQuality "1"]
[TimeControl "5400+30"]

1. e4 c5 2. Nf3 Nc6 3. Bb5 g6 4. O-O Bg7 5. Re1 Nf6 6. e5 Nd5 7. Nc3 Nc7 8. Bxc6 dxc6 9. h3 O-O 10. d3 Ne6 11. Ne4 b6 12. Neg5 {[%emt 0:10:37] LiveBook: 27 Games} Nd4 {[%emt 0:16:18] B31: Sicilian: 2...Nc6 3 Bb5 g6} 13. c3 $146 ({Predecessor:} 13. Bf4 h6 14. Ne4 Kh7 15. b3 Be6 16. a4 a5 17. Nxd4 cxd4 18. Qf3 Bd5 19. h4 Qd7 20. Qg3 {½-½ (30) Adams,M (2708)-Adhiban,B (2683) Astana 2019}) 13... Nxf3+ 14. Nxf3 Bf5 15. d4 Qd5 16. Qe2 cxd4 17. Nxd4 Be6 18. Bg5 c5 19. Nxe6 Qxe6 20. Qg4 Qxg4 21. hxg4 f6 22. exf6 exf6 23. Bf4 Rfe8 24. Kf1 Kf7 25. a4 Rxe1+ 26. Rxe1 Rd8 $11 27. f3 Bf8 28. b3 Bd6 29. Rd1 Ke7 30. Re1+ Kf7 31. Rd1 Ke7 32. Re1+ Kf7 33. Rd1 Ke7 1/2-1/2

[Event "Moscow-ch Men 2019"]
[Site "Moscow"]
[Date "2019.04.06"]
[Round "8.10"]
[White "Salman, Pavel"]
[Black "Galaktionov, Artem"]
[Result "0-1"]
[ECO "D02"]
[WhiteElo "2248"]
[BlackElo "2332"]
[Annotator "NA"]
[PlyCount "102"]
[EventDate "2019.03.30"]
[EventType "swiss"]
[EventCountry "RUS"]
[SourceTitle "playchess.com"]
[Source "ChessBase"]
[SourceQuality "1"]
[TimeControl "5400+30"]

1. d4 d5 2. Nf3 Nf6 3. c4 e6 4. g3 Bb4+ 5. Bd2 Be7 6. Bg2 O-O 7. O-O c6 8. Qb3 Nbd7 9. Bf4 b6 10. Nc3 {[%emt 0:01:02] LiveBook: 80 Games} Ba6 11. Nd2 $11 Nh5 12. Be3 Bd6 13. Rfc1 Qe7 14. Bf3 Nhf6 15. a4 Rab8 16. Qd1 Rfc8 17. b3 h6 18. h3 Nh7 19. Bg2 f5 20. cxd5 exd5 21. Bf4 Nhf6 22. Bxd6 Qxd6 23. Rab1 Qb4 24. Nf1 Ne4 25. Na2 Qd6 26. Qe1 c5 27. Ne3 Qe6 28. Rd1 Ndf6 29. Nc2 c4 30. b4 Re8 31. b5 Bb7 32. Nab4 g5 33. Ra1 Nd6 34. Bf1 f4 35. Ra3 Nfe4 36. Rf3 Rf8 37. Ra1 Rf7 38. Raa3 Rbf8 39. Bg2 c3 40. Raxc3 Nxc3 41. Rxc3 fxg3 42. f3 Nf5 43. Kh1 Re8 44. e3 Rc8 45. Rxc8+ Qxc8 46. Qd2 Nh4 47. Ne1 Qf5 48. Nbd3 Rc7 49. Qe2 Rc3 50. Ne5 Qb1 51. Qd2 Rc2 0-1

[Event "Moscow-ch Men 2019"]
[Site "Moscow"]
[Date "2019.04.06"]
[Round "8.12"]
[White "Trusov, Mikhail"]
[Black "Golubov, Saveliy"]
[Result "0-1"]
[ECO "A05"]
[WhiteElo "2143"]
[BlackElo "2460"]
[Annotator "ChessBase"]
[PlyCount "52"]
[EventDate "2019.03.30"]
[EventType "swiss"]
[EventCountry "RUS"]
[SourceTitle "playchess.com"]
[Source "ChessBase"]
[SourceQuality "1"]
[TimeControl "5400+30"]

1. Nf3 Nf6 2. g3 g6 3. Bg2 Bg7 4. O-O O-O 5. d4 d6 6. Nc3 Nbd7 7. e4 e5 8. h3 exd4 9. Nxd4 Re8 10. Re1 Nc5 11. Bf4 h6 12. g4 h5 13. f3 hxg4 14. fxg4 Nfd7 15. Qd2 Ne5 16. b3 c6 17. Rad1 Qa5 18. a4 Ned3 19. Nde2 Nxf4 20. Qxf4 Bxc3 21. Nxc3 Qxc3 22. Qxd6 Be6 23. Rf1 Rad8 24. Qxd8 Rxd8 25. Rxd8+ Kg7 26. Rdd1 Qxc2 0-1